 Dungeon Crawl Stone Soup version 0.31-a0-1611-g890cdf5 (webtiles) character file.

Game seed: 6896798750844535979

3645 xspeedydi the Protected (level 9, -4/127 HPs)
             Began as a Minotaur Berserker on Jan 8, 2024.
             Was an Elder of Trog.
             Slain by a death yak (22 damage)
             ... on level 8 of the Dungeon.
             The game lasted 00:29:59 (5379 turns).

xspeedydi the Protected (Minotaur Berserker)        Turns: 5379, Time: 00:30:00

Health: -4/127     AC:  8    Str: 25    XL:     9   Next: 88%
Magic:  8/8        EV: 12    Int:  4    God:    Trog [****..]
Gold:   249        SH:  0    Dex: 11    Spells: 8/8 levels left

rFire   + + .        b - +8 trident "Urhoxt" {flame, rF+ rC+}
rCold   + + .        (no shield)
rNeg    . . .        y - +1 steam dragon scales
rPois   .            (helmet restricted)
rElec   .            j - scarf {rC+ rF+}
rCorr   .            (no gloves)
SInv    .            (no boots)
Will    .....        c - amulet of regeneration Stlth
                     (no ring)
HPRegen 1.21/turn    (no ring)
MPRegen 0.11/turn

%: no passive effects
@: berserking, very quick
A: horns 2, retaliatory headbutt
a: Renounce Religion, Berserk, Trog's Hand, Brothers in Arms


You were on level 8 of the Dungeon.
You worshipped Trog.
Trog was greatly pleased with you.
You visited 1 branch of the dungeon, and saw 8 of its levels.

You collected 443 gold pieces.
You spent 194 gold pieces at shops.

Inventory:

Hand Weapons
 a - a +0 hand axe
 b - the +8 trident "Urhoxt" (weapon) {flame, rF+ rC+}
   (You found it on level 3 of the Dungeon)

   rF+:       It protects you from fire.
   rC+:       It protects you from cold.
Armour
 j - a scarf of resistance (worn)
 l - a +0 scale mail
 y - +1 steam dragon scales (worn)
 D - +0 acid dragon scales
Magical Staves
 s - a staff of fire
Jewellery
 c - an amulet of regeneration (around neck)
 h - a ring of resist corrosion
 p - an amulet of faith
 t - an amulet of reflection
 F - a +5 ring of evasion
 G - a ring of flight
Talismans
 r - a maw talisman
Wands
 E - a wand of roots (7)
 H - a wand of charming (10)
Scrolls
 f - 3 scrolls of poison {unknown}
 g - a scroll of revelation {unknown}
 k - 3 scrolls of teleportation {unknown}
 m - a scroll of acquirement {unknown}
 n - 9 scrolls of identify {unknown}
 u - a scroll of vulnerability {unknown}
 v - a scroll of blinking {unknown}
 w - 4 scrolls of enchant weapon
 A - a scroll of brand weapon {unknown}
 B - 2 scrolls of amnesia {unknown}
 I - a scroll of immolation {unknown}
Potions
 d - a potion of invisibility {unknown}
 e - 2 potions of magic {unknown}
 i - 4 potions of attraction {unknown}
 o - 2 potions of heal wounds {unknown}
 q - 2 potions of curing {unknown}
 x - 3 potions of degeneration {unknown}
 z - a potion of enlightenment {unknown}
 C - a potion of brilliance {unknown}


   Skills:
 - Level 10.0 Fighting
 - Level 4.8(7.9) Axes
 - Level 2.8(4.2) Maces & Flails
 + Level 9.2(9.7) Polearms
 + Level 10.1 Armour
 - Level 2.1 Dodging


You had 8 spell levels left.
You didn't know any spells.
Your spell library was empty.

Dungeon Overview and Level Annotations

Branches:
Dungeon (8/15)             Temple (0/1) D:5            Lair (0/5) D:8

Altars:
Cheibriados
Hepliaklqana
Kikubaaqudgha
Sif Muna
Uskayaw
Xom
The Shining One

Shops:
D:4 ::?   D:5 *

Annotations:
D:7 2 transporters


Innate Abilities, Weirdness & Mutations

You have a pair of horns on your head.
You reflexively headbutt those who attack you in melee.


Message History

You are too injured to fight recklessly!
You are too injured to fight recklessly!
A red film seems to cover your vision as you go berserk!
You feel yourself moving faster!
You feel mighty! The death yak gores you.
Okay, then.
You are too injured to fight recklessly!
You are too injured to fight recklessly!
You are too injured to fight recklessly!
You are too injured to fight recklessly!
You are too injured to fight recklessly!
You are too injured to fight recklessly!
You are too injured to fight recklessly!
You are too injured to fight recklessly!
You puncture the death yak! You burn the death yak.
The death yak is lightly wounded.
The death yak gores you.
You puncture the death yak! You burn the death yak.
The death yak is heavily wounded.
The death yak gores you but does no damage.
You completely miss the death yak. Your headbutt misses the death yak.
The death yak is heavily wounded.
The death yak barely misses you. You furiously retaliate!
You headbutt the death yak! The death yak completely misses you.
You furiously retaliate!
You headbutt the death yak!! You impale the death yak!! You burn the death yak.
You kill the death yak!
Trog accepts your kill.
Your Polearms skill increases to level 9!
Your Armour skill increases to level 10!
The death yak barely misses you.
The death yak snorts and paws the ground.
The death yak gores you! x2
* * * LOW HITPOINT WARNING * * *
You see here 9 gold pieces.
You hit the death yak. You burn the death yak. You headbutt the death yak!
The death yak is moderately wounded.
The death yak gores you!
* * * LOW HITPOINT WARNING * * *
The death yak closely misses you. The death yak gores you!!
You die...

#.# #......#.....
##.###......#.....
#..........##.....
##.######.#)##.....
##..# #.#........
##..## #.#...#####
#....# #......#
#.##.## #####..#
... #@Y# ##...
......YY.# ...#
........Y.# #....
.#........# .##.
.........#
.>......##
...#....# ........#


You could see 4 death yaks.

Vanquished Creatures
  A death yak (D:8)
  Grinder (D:3)
  Sigmund (D:2)
  A wyvern (D:8)
  A steam dragon (D:5)
  An acid dragon (D:6)
  A water moccasin (D:5)
  An orc warrior (D:7)
  A black bear (D:5)
  A sky beast (D:6)
  2 ogres
  A centaur (D:6)
  A kobold brigand (D:8)
  5 bullfrogs
  A scorpion (D:5)
  9 wights
  4 killer bees (D:7)
  A bombardier beetle (D:5)
  A howler monkey (D:8)
  3 orc priests
  A jelly (D:7)
  A sleepcap (D:6)
  4 hounds
  4 orc wizards
  An iguana (D:7)
  4 gnolls (D:3)
  7 adders
  2 white imps
  3 dart slugs
  2 ribbon worms (D:2)
  13 orcs
  3 bats
  6 endoplasms
  2 giant cockroaches
  8 goblins
  5 hobgoblins
  10 kobolds
  4 quokkas
  2 ball pythons
  4 frilled lizards
  7 rats
131 creatures vanquished.

Notes
Turn   | Place    | Note
-------+----------+-------------------------------------------
     0 | D:1      | xspeedydi the Minotaur Berserker began the quest for the
                  | Orb.
     0 | D:1      | Reached XP level 1. HP: 19/19 MP: 0/0
   110 | D:1      | Reached XP level 2. HP: 22/27 MP: 1/1
   340 | D:1      | Reached skill level 1 in Maces & Flails
   980 | D:2      | Reached XP level 3. HP: 29/33 MP: 2/2
  1016 | D:2      | Reached ** piety under Trog
  1378 | D:2      | Noticed Sigmund
  1407 | D:2      | Killed Sigmund
  1408 | D:2      | Reached skill level 5 in Fighting
  1408 | D:2      | Reached XP level 4. HP: 42/42 MP: 3/3
  1408 | D:2      | Reached XP level 5. HP: 48/48 MP: 4/4
  1785 | D:3      | Identified the +8 trident "Urhoxt" {flame, rF+ rC+}
  1861 | D:3      | Reached XP level 6. HP: 57/57 MP: 5/5
  1949 | D:3      | Found a shimmering altar of Xom.
  1956 | D:3      | Noticed Grinder
  1961 | D:3      | Paralysed by Grinder for 2 turns
  1966 | D:3      | Killed Grinder
  2115 | D:3      | Found a faded altar of an unknown god.
  2203 | D:3      | Found a hide-covered altar of Uskayaw.
  2594 | D:4      | Found a snail-covered altar of Cheibriados.
  2613 | D:3      | Found a glowing golden altar of the Shining One.
  2613 | D:3      | Found an ancient bone altar of Kikubaaqudgha.
  2613 | D:3      | Found a shimmering blue altar of Sif Muna.
  2616 | D:3      | Found a hazy altar of Hepliaklqana.
  2617 | D:3      | Identified the staff of Undoing {rPois rC++ Int-2 Necro
                  | Fire Alchemy}
  2654 | D:4      | Found Winaid's Book Shoppe.
  2762 | D:4      | Found Ysizih's Book Shop.
  2768 | D:4      | Reached XP level 7. HP: 64/64 MP: 6/6
  2911 | D:4      | Found Peistuic's Magic Scroll Shop.
  2915 | D:4      | Bought a scroll of enchant armour for 97 gold pieces
  3028 | D:5      | Entered Level 5 of the Dungeon
  3037 | D:5      | Found Hox Tov's General Store.
  3041 | D:5      | Bought a scroll of enchant weapon for 97 gold pieces
  3122 | D:5      | Reached skill level 5 in Armour
  3164 | D:5      | Found a staircase to the Ecumenical Temple.
  3191 | D:5      | Noticed a steam dragon
  3198 | D:5      | Killed a steam dragon
  3199 | D:5      | Reached XP level 8. HP: 58/75 MP: 7/7
  3735 | D:6      | Identified the +0 plate armour of Dice, Bag, and Bottle
                  | {Harm +Blink Slay-5}
  3850 | D:6      | Reached *** piety under Trog
  3852 | D:6      | Reached skill level 5 in Polearms
  4237 | D:6      | Reached skill level 10 in Fighting
  4466 | D:7      | Reached XP level 9. HP: 71/85 MP: 8/8
  4564 | D:7      | Found a transporter.
  4593 | D:7      | Found a transporter.
  5292 | D:8      | Reached **** piety under Trog
  5364 | D:8      | Noticed a death yak
  5364 | D:8      | Noticed a death yak
  5365 | D:8      | Found a staircase to the Lair.
  5365 | D:8      | Noticed a death yak
  5368 | D:8      | Noticed a death yak
  5368 | D:8      | Noticed a death yak
  5377 | D:8      | Killed a death yak
  5378 | D:8      | Reached skill level 10 in Armour
  5379 | D:8      | Slain by a death yak

Illustrated notes

Levels and vault maps discovered:
D:1:      psy_arrival_terrarium, layout_loops_ring
D:2:      layout_loops_corners, serial_bayou_crossing, uniq_sigmund
D:3:      layout_loops_cross, nicolae_overflow_hidden_temple, lemuel_tele_altar,
          shapermc_ecumenical_altar_mp_vishouse, st_stairs_5, chequers_garden,
          uniq_grinder
D:4:      layout_basic, kennysheep_slug_shrine, serial_shops,
          nicolae_shop_window_shopping, shop, nicolae_book_shop_shelving
D:5:      layout_basic, minmay_temple_entry_ruins, serial_shops,
          nicolae_shop_pleasant_corner_grove, hangedman_decor_opposing,
          nicolae_fountain_basement
D:6:      layout_gridville, due_unseen_surprise
D:7:      gammafunk_steamed_eel, layout_loops_ring
D:8:      layout_basic, dpeg_lair_monsters

Skill      XL: |  1  2  3  4  5  6  7  8  9 |
---------------+----------------------------+-----
Fighting       | 4 5 6 8 10 | 10.0
Maces & Flails | 1 2 |  2.8
Axes           | 4 |  4.8
Armour         | 3 4 5 7 10 | 10.1
Polearms       | 2 4 6 9 |  9.2
Dodging        | |  2.1

Action                     |  1- 3 |  4- 6 |  7- 9 || total
---------------------------+-------+-------+-------++-------
  Melee: Hand axe          |    83 |    12 |       ||    95
         Headbutt          |     9 |     4 |    22 ||    35
         Punch             |     1 |       |       ||     1
         Trident           |       |    40 |   186 ||   226
 Invoke: Berserk           |     1 |     1 |     1 ||     3
    Use: Scroll            |       |       |     1 ||     1
   Stab: Sleeping          |     1 |       |       ||     1
 Armour: Animal skin       |    16 |       |       ||    16
         Scale mail        |    29 |    16 |    24 ||    69
         Skin              |     2 |       |       ||     2
         Steam dragon scal |       |       |    95 ||    95
  Dodge: Dodged            |    47 |    11 |    72 ||   130

Table legend: (Time is in decaauts)
 A = Elapsed time spent in this place.
 B = Non-inter-level travel time spent in this place.
 C = Inter-level travel time spent in this place.
 D = Time resting spent in this place.
 E = Time spent auto-exploring this place.
 F = Levels seen in this place.
 G = Mean time per level.
                   A        B        C        D        E       F      G
               +--------+--------+--------+--------+--------+-----+--------+
         Total |   5415 |   5213 |    202 |      1 |   4373 |   8 |  676.9 |
       Dungeon |   5415 |   5213 |    202 |      1 |   4373 |   8 |  676.9 |
               +--------+--------+--------+--------+--------+-----+--------+

Top non-repeatable levels by time:
     D:2: 955 daAuts
     D:3: 754 daAuts
     D:7: 719 daAuts
     D:1: 711 daAuts
     D:4: 652 daAuts
     D:6: 634 daAuts
     D:5: 628 daAuts
     D:8: 360 daAuts
